[Event "12ème open de Salon"]
[Site "Salon de Provence, France"]
[Date "2022.07.15"]
[Round "9.7"]
[White "Roux, Jean-Marie"]
[Black "Frailinu, Jean-Bernard"]
[Result "0-1"]
[TimeControl "1 h 30 min + 30 s"]
[WhiteElo "1294"]
[BlackElo "1349"]

1. e4 e6 2. Nf3 Nf6 3. Nc3 d5 4. e5 Nfd7 5. d4 c5 6. Be3 Nc6 7. dxc5 Nxc5 8. Bxc5 Bxc5 9. Na4 Be7 10.
Bd3 a6 11. Qe2 Bd7 12. O-O Nb4 13. Nc3 Nxd3 14. cxd3 O-O 15. Rfd1 Qb6 16. b3 Rfc8 17. Nb1 Rc7 18. Nbd2 Rac8 19. d4 Bb5 20. Qe3 Rc3 21. Qf4 h6 22. Nf1 Ba3 23. Ng3 Bd3 24.
Qg4 Bb2 25. Nh5 Bg6 26. Rab1 Rc1 27. Nh4 Bxh5 28. Qxh5 Rxd1+ 29. Rxd1 Bxd4 30. Qe2 Qb4 31. g4 g5 32. Ng2 Qc3 33.
h4 Bxe5 34. hxg5 hxg5 35. Ne3 Bf4 36. Ng2 Qe5 37. Qf3 Rc3 38. Rd3 Rxd3 39. Qxd3 Qa1+ 40. Qf1 Qxf1+ 41. Kxf1 Bd6 42. Ne3 f6 43.
f3 Kf7 44. Ke2 Ke7 45. Kd3 Kd7 46. Nc2 e5 47. Ne3 Kc6 48. Nf5 Bf8 49. Kc3 a5 50. Ng3 Kb5 51. Ne2 Bb4+ 52. Kb2 a4 53.
Nc1 a3+ 54. Kc2 Bc5 55. Nd3 e4 56. fxe4 dxe4 57. Nc1 Bd4 58. Ne2 Kc5 59. Kd2 b5 60. Kc2 b4 61. Kd2 Kd5 62. Kc2 Be3 63.
Ng3 Bf4 64. Ne2 Ke5 65. Ng1 f5 66. gxf5 Kxf5 67. Ne2 Ke5 68.
Ng1 g4 69. Ne2 g3 70. Kd1 e3 71. Ke1 Ke4 72. Kf1 Bd6 73. Kg2 Kd3 74. Kf3 Bc7 75. Ng1 Kc2 76. Kxe3 Kb2 77. Kf3 Kxa2 78.
Ne2 Kxb3 79. Nc1+ Kc2 80. Na2 b3 81. Nb4+ Kb1 82. Kg2 a2 83. Nxa2 bxa2 84. Kf3 0-1